 Dungeon Crawl Stone Soup version 0.19.1 (webtiles) character file.

861 sal the Chopper (level 7, -3/49 HPs)
             Began as a High Elf Fighter on Dec 8, 2016.
             Slain by an orc warrior
             ... wielding a +0 dire flail
              (8 damage)
             ... on level 3 of the Dungeon.
             The game lasted 00:45:29 (3069 turns).

sal the Chopper (High Elf Fighter)                  Turns: 3069, Time: 00:45:30

Health: -3/49      AC:  7    Str: 16    XL:     7   Next: 71%
Magic:  8/8        EV: 14    Int: 12    God:
Gold:   167        SH: 10    Dex: 20    Spells: 0 memorised, 6 levels left

rFire  . . .     SeeInvis .     a - +1 war axe
rCold  . . .     Gourm    .     b - +0 scale mail
rNeg   . . .     Faith    .     c - +0 shield
rPois  .         Spirit   .     (no helmet)
rElec  .         Reflect  .     (no cloak)
rCorr  .         Harm     .     (no gloves)
MR     .....                    (no boots)
Stlth  +.........               (no amulet)
                                f - +5 ring of evasion
                                j - +4 ring of dexterity

@: no status effects
A: no striking features
a: no special abilities


You were on level 3 of the Dungeon.
You were not hungry.

You visited 1 branch of the dungeon, and saw 4 of its levels.

You collected 167 gold pieces.

Inventory:

Hand Weapons
 a - a +1 war axe (weapon)
 g - a +0 club
 i - a +0 dagger
 l - a +0 whip
 n - a +0 short sword
 o - a +0 hunting sling
 u - a +2 whip of venom
 y - a +2 flail of distortion
 D - a +4 quarterstaff of chaos
 E - a +0 mace
 H - a +0 flail
 I - a +3 flail
 J - a +0 hand axe of distortion
 K - a +1 vampiric halberd
Missiles
 d - 84 stones
 e - 7 poisoned needles
 w - 49 arrows
 F - 4 tomahawks (quivered)
Armour
 b - a +0 scale mail (worn)
 c - a +0 shield (worn)
 h - a +0 ring mail
Jewellery
 f - a +5 ring of evasion (right hand)
 j - a +4 ring of dexterity (left hand)
Wands
 C - a wand of slowing (45/48)
Scrolls
 m - a scroll of amnesia
 r - a scroll of immolation
 s - 4 scrolls of identify
Potions
 x - a potion of curing
 B - a potion of mutation {unknown}
Books
 p - a book of Minor Magic

   Spells                             Type                      Level
   a - Magic Dart                     Conjuration                  1
   b - Blink                          Translocation                2
   c - Call Imp                       Summoning                    2
   d - Repel Missiles                 Charms/Air                   2
   e - Slow                           Hexes                        2
   f - Conjure Flame                  Conjuration/Fire             3
   g - Mephitic Cloud                 Conjuration/Poison/Air       3
 v - a book of Maledictions

   Spells                             Type                      Level
   a - Corona                         Hexes                        1
   b - Ensorcelled Hibernation        Hexes/Ice                    2
   c - Confuse                        Hexes                        3
   d - Tukima's Dance                 Hexes                        3
   e - Dazzling Spray                 Conjuration/Hexes            3
Comestibles
 q - 3 fruits
 z - a beef jerky
 A - a slice of pizza
 G - a meat ration


   Skills:
 + Level 4.4 Fighting
 + Level 4.7 Axes
 + Level 0.2 Throwing
 + Level 4.1 Armour
 + Level 2.9 Dodging
 + Level 0.5 Stealth
 + Level 4.3 Shields


You had 6 spell levels left.
You didn't know any spells.

Dungeon Overview and Level Annotations

Branches:
Dungeon (4/15)
 Temple: D:4-7

Altars:
Sif Muna


Message History

The orc shouts!
You block the orc's attack.
An orc comes into view. It is wielding a flail.
You block the orc warrior's attack. The orc hits you but does no damage.
The orc closely misses you. You block the orc's attack.
A worker ant comes into view.
The worker ant twitches its antennae in your direction.
Found a stone staircase leading up.
The worker ant closely misses you. You block the orc warrior's attack.
There is a stone staircase leading up here.
You can't go down here!
The worker ant bites you.
* * * LOW HITPOINT WARNING * * *
You climb upwards.
There is a stone staircase leading down here.
You hit the worker ant.
The worker ant is moderately wounded.
You slash the orc warrior!
The orc warrior hits you with a dire flail!
You die...

#########
#@a.....##########
#o#####...........
#####.# #.##########
#.....# #.# ######
####.###.# #.# .....#
#........#####.#########
####.#
#.##.###...............#
#.#
#.##.#########..######.#
#.# #.##.......[.#..#
#.#


You could see an orc warrior and a worker ant.

Vanquished Creatures
  Grinder (D:3)
  Sigmund (D:4)
  A black bear (D:4)
  A crimson imp (D:3)
  An orc priest (D:4)
  A bullfrog skeleton (D:4)
  Crazy Yiuf (D:3)
  4 orc wizards
  A hound skeleton (D:3)
  3 adders
  3 gnolls (D:4)
  An ooze (D:1)
  2 worms
  A dart slug (D:4)
  3 leopard geckos
  11 orcs
  4 giant cockroaches
  6 goblins (D:1)
  9 hobgoblins
  7 jackals
  3 quokkas
  2 ball pythons
  8 bats
  6 frilled lizards
  9 kobolds
  A quokka skeleton (D:4)
  4 rats
95 creatures vanquished.

Notes
Turn   | Place    | Note
-------+----------+-------------------------------------------
     0 | D:1      | sal the High Elf Fighter began the quest for the Orb.
     0 | D:1      | Reached XP level 1. HP: 16/16 MP: 2/2
     4 | D:1      | Noticed a gargoyle
     4 | D:1      | Noticed a naga
    10 | D:1      | Noticed an ogre
    10 | D:1      | Noticed a minotaur
    12 | D:1      | Noticed a vampire
    14 | D:1      | Noticed a formicid
    14 | D:1      | Noticed a demonspawn
    16 | D:1      | Noticed an elf
    18 | D:1      | Noticed a tengu
    20 | D:1      | Noticed a demigod
    20 | D:1      | Noticed a vine stalker
    22 | D:1      | Noticed a ghoul
    22 | D:1      | Noticed an octopode
    24 | D:1      | Noticed a centaur
    24 | D:1      | Noticed a troll
    26 | D:1      | Noticed a halfling
    26 | D:1      | Noticed a draconian
    28 | D:1      | Noticed a merfolk
    28 | D:1      | Noticed a dwarf
    30 | D:1      | Noticed a human
    32 | D:1      | Noticed a spriggan
    32 | D:1      | Noticed a felid
   397 | D:1      | Reached XP level 2. HP: 15/21 MP: 3/3
   771 | D:1      | Reached XP level 3. HP: 26/26 MP: 4/4
  1323 | D:2      | Reached skill level 1 in Dodging
  1323 | D:2      | Reached XP level 4. HP: 31/31 MP: 5/5
  2080 | D:3      | Found a runed door.
  2084 | D:3      | Noticed Crazy Yiuf
  2089 | D:3      | Killed Crazy Yiuf
  2089 | D:3      | Reached XP level 5. HP: 34/37 MP: 6/6
  2413 | D:3      | Noticed Grinder
  2517 | D:3      | Found a deep blue altar of Sif Muna.
  2651 | D:3      | Paralysed by Grinder for 5 turns
  2652 | D:3      | HP: 1/37 [Grinder/nerve-wracking pain (11)]
  2677 | D:3      | Killed Grinder
  2677 | D:3      | Reached XP level 6. HP: 6/43 MP: 7/7
  2888 | D:4      | Noticed an ice beast
  2908 | D:4      | Reached XP level 7. HP: 26/48 MP: 8/8
  3006 | D:4      | Noticed Sigmund
  3053 | D:4      | Killed Sigmund
  3069 | D:3      | Slain by an orc warrior

Skill      XL: |  1  2  3  4  5  6  7 |
---------------+----------------------+-----
Axes           | 2 3 4 |  4.7
Dodging        | 1 2 |  2.9
Armour         | 3 4 |  4.1
Shields        | 3 4 |  4.3
Fighting       | 4 |  4.4
Throwing       | |  0.2
Stealth        | |  0.5

Action                   |  1- 3 |  4- 6 |  7- 9 || total
-------------------------+-------+-------+-------++-------
Melee: War axe           |   153 |   196 |    65 ||   414
Throw: Tomahawk          |       |     4 |       ||     4
Evoke: Wand              |       |       |     1 ||     1
  Use: Potion            |     4 |     3 |     1 ||     8
       Scroll            |     6 |     1 |     2 ||     9
  Eat: Bread ration      |     1 |     1 |       ||     2
Armor: Scale mail        |    87 |    54 |    24 ||   165
Dodge: Dodged            |    49 |    98 |    61 ||   208
Block: Shield            |    80 |   112 |    45 ||   237
